 Dungeon Crawl Stone Soup version 0.22.1 (webtiles) character file.

4264 Gargoyl the Chopper (level 10, -4/81 HPs)
             Began as a Centaur Abyssal Knight on Sept 18, 2018.
             Was a High Priest of Lugonu.
             Slain by an orc warrior
             ... wielding a +0 dire flail
              (11 damage)
             ... on level 8 of the Dungeon on Sept 19, 2018.
             The game lasted 00:16:58 (9959 turns).

Gargoyl the Chopper (Centaur Abyssal Knight)        Turns: 9959, Time: 00:16:58

Health: -4/81      AC: 14    Str: 16    XL:     10   Next: 10%
Magic:  14/14      EV:  1    Int: 11    God:    Lugonu [*****.]
Gold:   260        SH: 10    Dex: 11    Spells: 9/9 levels left

rFire    . . .     SeeInvis .   n - +4 war axe
rCold    . . .     Gourm    .   B - +2 shield
rNeg     . . .     Faith    .   e - +0 plate armour
rPois    +         Spirit   .   (no helmet)
rElec    .         Reflect  .   (no cloak)
rCorr    .         Harm     .   u - +0 pair of gloves
MR       .....                  (no barding)
Stlth    ..........             y - amulet of the acrobat
HPRegen  0.23/turn              v - +2 ring of protection
MPRegen  0.14/turn              r - ring of poison resistance

@: very quick
A: large, hooves 3, deformed body, speed 2, tough skin 3
a: Depart the Abyss, Bend Space, Banish, Corrupt, Enter the Abyss, Renounce
Religion


You were on level 8 of the Dungeon.
You worshipped Lugonu.
Lugonu was extremely pleased with you.
You were near starving.

You visited 1 branch of the dungeon, and saw 8 of its levels.
You visited the Abyss 1 time.

You collected 560 gold pieces.
You spent 300 gold pieces at shops.

Inventory:

Hand Weapons
 a - a +2 hand axe
 n - a +4 war axe (weapon)
 x - a +0 war axe of chopping
 A - a +0 hand axe of flaming
Armour
 e - a +0 plate armour (worn)
 u - a +0 pair of gloves (worn)
 B - a +2 shield (worn)
Jewellery
 i - an uncursed ring of flight
 r - a ring of poison resistance (right hand)
 v - a +2 ring of protection (left hand)
 y - an amulet of the acrobat (around neck)
Wands
 f - a wand of flame (10)
 g - a wand of polymorph (6)
 h - a wand of iceblast (5)
 o - a wand of enslavement (19)
 D - a wand of disintegration (14)
Scrolls
 b - 2 scrolls of blinking
 k - 2 scrolls of magic mapping
 l - 2 scrolls of remove curse
 q - 7 scrolls of identify
 E - a scroll of teleportation
Potions
 d - 2 potions of agility
 j - 2 potions of curing
 m - a potion of brilliance {unknown}
 p - a potion of flight {unknown}
 s - a potion of haste
 t - a potion of heal wounds {unknown}
 w - 2 potions of invisibility {unknown}
 z - 3 potions of mutation {unknown}
Comestibles
 c - 16 rations


   Skills:
 + Level 5.4 Fighting
 + Level 7.6 Axes
 * Level 6.4 Armour
 + Level 2.3 Dodging
 + Level 3.0 Shields
 * Level 6.5 Invocations


You had 9 spell levels left.
You didn't know any spells.
Your spell library contained the following spells:

 Spells                   Type           Power        Failure   Level  Hunger
 Animate Skeleton         Necr           N/A          100%        1    ##.....
 Apportation              Tloc           #.....       100%        1    ##.....
 Confusing Touch          Hex            #.....       100%        1    ##.....
 Summon Small Mammal      Summ           #...         100%        1    ##.....


Dungeon Overview and Level Annotations

Branches:
Dungeon (8/15)             Temple (0/1) D:4
   Lair: D:8-11

Altars:
Kikubaaqudgha
Qazlal
Ru
Sif Muna
Trog
Zin

Shops:
D:4 (   D:5 *   D:8 :

Annotations:
D:6 1 runed door
D:8 Grum


Innate Abilities, Weirdness & Mutations

You have hooves in place of feet.
Armour fits poorly on your strangely shaped body.
You cover ground very quickly.
You have extremely tough skin. (AC +3)


Message History

The wolf bites you. Grum hits you from afar with a spear.
* * * LOW HITPOINT WARNING * * *
You block the wolf's attack.
You are confused.
You bump into the rock wall.
The wolf bites you but does no damage. x2
The wolf bites you but does no damage. The wolf misses you.
The wolf closely misses you.
You bump into the rock wall.
The wolf bites you but does no damage.
You miss the wolf.
The wolf is moderately wounded.
You hit the orc warrior. The wolf bites you!
* * * LOW HITPOINT WARNING * * *
The wolf bites you but does no damage.
The orc warrior hits you with a dire flail!
* * * LOW HITPOINT WARNING * * *
You feel better. The wolf bites you.
* * * LOW HITPOINT WARNING * * *
You block the wolf's attack.
The orc warrior hits you with a dire flail!
You die...

#.h.h...# #..goo..# ########†#
# #.....##.# #####
#.##.###.##.# ....#
#........g..# ###.#
####...#o#### ###.########
#.h.o...######### ...........#
#..@.............
.##.######.##########.########
.##...........# #.#
^....#####..#.# #.# .###.#
##.#.# ##.## .# #.# #>#.#
#...# ####.######.#.#### #...#
............[....# #...#####
.....#####..#.##.###.........


You could see Grum, an orc warrior, a wolf and an orc.

Vanquished Creatures
  Harold (D:8)
  The ghost of xpt754 the Caller, an amateur TrSu of Yredelemnul (D:4)
  Grinder (D:3)
  2 wyverns
  Eustachio (D:6)
  Menkaure (D:5)
  A soldier ant (D:6)
  A water moccasin (D:8)
  Duvessa (D:5)
  An orc warrior (D:7)
  2 sky beasts (D:7)
  2 ogres
  Blork the orc (D:4)
  5 bullfrogs
  4 scorpions
  Dowan (D:5)
  A water moccasin skeleton (D:5)
  A howler monkey (D:7)
  2 crimson imps (D:5)
  A bullfrog skeleton (D:5)
  2 hounds
  6 orc priests
  A centaur skeleton (D:7)
  9 orc wizards
  9 worker ants
  A hound zombie (D:6)
  A worker ant zombie (D:6)
  9 adders
  A shadow imp (D:5)
  A worm (D:4)
  3 dart slugs
  4 leopard geckos
  18 orcs
  3 ball pythons
  10 giant cockroaches
  8 goblins
  12 hobgoblins
  15 jackals
  9 kobolds
  4 quokkas
  3 bats
  6 frilled lizards
  A jackal skeleton (D:4)
  A jackal zombie (D:5)
  A leopard gecko skeleton (D:4)
  A quokka zombie (D:8)
  8 rats
178 creatures vanquished.

Vanquished Creatures (others)
  An ogre (D:3)
  2 withered plants (D:4)
3 creatures vanquished.

Grand Total: 181 creatures vanquished

Notes
Turn   | Place    | Note
-------+----------+-------------------------------------------
     0 | Abyss:1  | Gargoyl the Centaur Abyssal Knight began the quest for the
                  | Orb.
     0 | Abyss:1  | Reached XP level 1. HP: 19/19 MP: 2/2
    81 | Abyss:2  | Noticed a quasit
    95 | Abyss:2  | Noticed a large abomination
   152 | Abyss:3  | Noticed an efreet
   154 | D:1      | Escaped the Abyss
   303 | D:1      | Reached * piety under Lugonu
   504 | D:1      | Reached XP level 2. HP: 26/26 MP: 3/3
  1023 | D:2      | Reached skill level 2 in Axes
  1042 | D:2      | Reached XP level 3. HP: 24/31 MP: 4/4
  1493 | D:2      | Reached ** piety under Lugonu
  1622 | D:2      | Reached XP level 4. HP: 38/38 MP: 5/5
  1737 | D:2      | Reached skill level 1 in Dodging
  1915 | D:3      | Reached skill level 1 in Shields
  2674 | D:3      | Noticed Grinder
  2679 | D:3      | Paralysed by Grinder for 2 turns
  2683 | D:3      | Reached XP level 5. HP: 44/45 MP: 7/7
  2685 | D:3      | Paralysed by Grinder for 6 turns
  2830 | D:3      | Paralysed by Grinder for 4 turns
  3478 | D:3      | Paralysed by Grinder for 4 turns
  3486 | D:3      | Killed Grinder
  3486 | D:3      | Reached skill level 3 in Axes
  3486 | D:3      | Reached XP level 6. HP: 12/52 MP: 8/8
  3782 | D:3      | Found a glowing silver altar of Zin.
  3867 | D:4      | Reached *** piety under Lugonu
  4474 | D:4      | Reached XP level 7. HP: 45/59 MP: 9/9
  4573 | D:4      | Found Dotuseme's Antique Weapon Shoppe.
  4580 | D:4      | Bought a glowing war axe for 156 gold pieces
  4645 | D:4      | Found an ancient bone altar of Kikubaaqudgha.
  4730 | D:4      | Found a staircase to the Ecumenical Temple.
  4874 | D:4      | Found a stormy altar of Qazlal.
  4904 | D:4      | Found a runed door.
  4904 | D:4      | Noticed xpt754's ghost (amateur TrSu)
  5175 | D:4      | Noticed Blork the orc
  5186 | D:4      | Killed Blork the orc
  5186 | D:4      | Reached skill level 4 in Axes
  5474 | D:4      | Found a bloodstained altar of Trog.
  5537 | D:4      | Killed xpt754's ghost
  5577 | D:5      | Entered Level 5 of the Dungeon
  5672 | D:5      | Noticed Dowan
  5697 | D:5      | Killed Dowan
  5799 | D:5      | Reached XP level 8. HP: 57/66 MP: 11/11
  5811 | D:5      | Reached skill level 5 in Axes
  5904 | D:4      | Bought a runed hand axe for 144 gold pieces
  5947 | D:5      | Noticed Menkaure
  5957 | D:5      | Killed Menkaure
  6181 | D:5      | Noticed Duvessa
  6195 | D:5      | Killed Duvessa
  6440 | D:5      | Found Viliseat's Assorted Antiques.
  6721 | D:5      | Found a deep blue altar of Sif Muna.
  6970 | D:6      | Reached **** piety under Lugonu
  6970 | D:6      | Reached skill level 5 in Invocations
  7114 | D:6      | Noticed Eustachio
  7129 | D:6      | Killed Eustachio
  7129 | D:6      | Reached skill level 6 in Axes
  7490 | D:6      | Found a runed door.
  7529 | D:6      | Found a runed door.
  7664 | D:6      | Reached XP level 9. HP: 63/72 MP: 11/13
  8056 | D:6      | Reached skill level 5 in Armour
  8348 | D:7      | Reached skill level 5 in Fighting
  8372 | D:7      | Found a sacrificial altar of Ru.
  8804 | D:7      | Reached skill level 7 in Axes
  9179 | D:8      | Found Tiaz's Book Shoppe.
  9350 | D:8      | Reached ***** piety under Lugonu
  9517 | D:8      | Noticed Harold
  9535 | D:8      | Killed Harold
  9535 | D:8      | Reached XP level 10. HP: 20/81 MP: 14/14
  9936 | D:8      | Noticed Grum
  9958 | D:8      | HP: 1/81 [orc warrior/dire flail (15)]
  9959 | D:8      | Slain by an orc warrior

Skill      XL: |  1  2  3  4  5  6  7  8  9 10 |
---------------+-------------------------------+-----
Axes           | 2 3 4 6 7 |  7.6
Armour         | 2 3 4 6 |  6.4
Dodging        | 1 2 |  2.3
Shields        | 1 2 3 |  3.0
Invocations    | 3 4 5 6 |  6.5
Fighting       | 4 5 |  5.4

Action                   |  1- 3 |  4- 6 |  7- 9 | 10-12 || total
-------------------------+-------+-------+-------+-------++-------
Melee: Hand axe          |   106 |    66 |       |       ||   172
       Kick              |    20 |    26 |    82 |     4 ||   132
       War axe           |       |    71 |   322 |    27 ||   420
Invok: Depart the Abyss  |     1 |       |       |       ||     1
       Banish            |       |     1 |       |       ||     1
  Use: Scroll            |     6 |     7 |     5 |       ||    18
       Potion            |       |     5 |     1 |     1 ||     7
 Stab: Paralysed         |       |       |     1 |       ||     1
  Eat: Chunk             |     1 |     2 |    10 |       ||    13
       Ration            |       |     2 |     1 |       ||     3
Armor: Scale mail        |    77 |    95 |   130 |       ||   302
       Leather armour    |     1 |       |       |       ||     1
       Plate armour      |       |       |    11 |    26 ||    37
       Chain mail        |       |       |     6 |       ||     6
Dodge: Dodged            |    24 |    35 |    89 |     5 ||   153
Block: Shield            |    36 |    71 |   166 |    12 ||   285
